AoeStats
← Santi/ARG/

MegaRandom

510092376Analyzed
2v2 RM · 3d ago on Sep 29, 2026· 51m 18s· 4 players
Game mode
Random Map
Map size
Medium (4 player)
Population
200
Speed
Normal
Resources
Standard
Victory
Conquest
Starting age
Dark Age
Ending age
Imperial Age
RankedLock teamsTeams togetherTeam positionsShared explorationLock speedFull tech treeHidden civsTurbo modeCheats
Victory
Defeat
🇩🇪 Lithuanians · Germany
1098
+14
🇩🇪 Saxons · Germany
996
+18
🇦🇷 Slavs · Argentina
1075
-17
🇰🇷 Mongols · South Korea
1016
-15
Overhead
7:13 Loom
11:38 Feudal Age
15:46 Castle Age
13:34 Double-Bit Axe
16:03 Horse Collar
16:41 Bow Saw
22:19 Bloodlines
22:12 Husbandry
23:19 Scale Barding Armor
24:31 Wheelbarrow
25:40 Chain Barding Armor
26:12 Heavy Plow
26:08 Gold Mining
28:23 Hand Cart
27:54 Town Watch
28:57 Fletching
29:20 Forging
33:03 Fletching
33:48 Iron Casting
34:11 Bodkin Arrow
37:28 Imperial Age
34:53 Stone Mining
36:20 Elite Skirmisher
37:06 Thumb Ring
37:03 Padded Archer Armor
38:14 Ballistics
38:30 Cavalier
39:47 Plate Barding Armor
39:13 Bracer
40:28 Chemistry
39:38 Masonry
39:25 Murder Holes
42:22 Hoardings
41:15 Elite Leitis
42:16 Conscription
43:40 Leather Archer Armor
43:25 Paladin
44:34 Treadmill Crane
45:25 Architecture
45:21 Thumb Ring
45:50 Ring Archer Armor
47:14 Crop Rotation
Lord Ice
7:36 Loom
11:54 Feudal Age
19:25 Castle Age
18:51 Double-Bit Axe
18:58 Gold Mining
19:03 Fletching
21:00 Bodkin Arrow
24:20 Wheelbarrow
30:10 Medium Warships
30:42 Fishing Lines
36:10 Imperial Age
37:37 Town Watch
38:03 Shield Wall
39:00 Horse Collar
40:16 Conscription
40:26 Ballistics
41:08 Chemistry
41:28 Elite Varangian Guard
41:53 Arson
42:09 Squires
41:55 Gambesons
43:16 Forging
43:07 Scale Mail Armor
43:08 Bracer
43:14 Scale Barding Armor
45:28 Murder Holes
45:44 Masonry
45:39 Siege Engineers
45:15 Treadmill Crane
45:21 Arrowslits
45:30 Guard Tower
51:25 Iron Casting
51:05 Chain Mail Armor
52:11 Hand Cart
51:57 Town Patrol
Prcmt
10:55 Feudal Age
16:03 Castle Age
14:20 Double-Bit Axe
14:32 Horse Collar
15:32 Fishing Lines
17:45 Wheelbarrow
19:27 Bow Saw
19:55 Heavy Plow
21:18 Stone Mining
21:21 Gold Mining
24:19 Town Watch
24:20 Loom
25:46 Gold Shaft Mining
26:13 Stone Shaft Mining
27:23 Fletching
27:33 Padded Archer Armor
28:02 Bodkin Arrow
28:29 Padded Archer Armor
29:24 Ballistics
29:54 Thumb Ring
30:06 Leather Archer Armor
31:52 Husbandry
32:03 Bloodlines
31:55 Husbandry
31:27 Light Cavalry
32:13 Pikeman
32:53 Squires
35:08 Murder Holes
40:03 Leather Archer Armor
45:20 Imperial Age
46:19 Bracer
47:22 Chemistry
46:53 Parthian Tactics
48:11 Conscription
50:30 Elite Mangudai
Santi/ARG/
11:47 Feudal Age
12:33 Double-Bit Axe
12:36 Horse Collar
14:44 Wheelbarrow
16:30 Gold Mining
17:12 Stone Mining
20:45 Castle Age
20:41 Bloodlines
20:46 Forging
20:42 Scale Barding Armor
20:28 Fletching
22:14 Bow Saw
23:57 Bow Saw
24:21 Husbandry
25:02 Iron Casting
24:48 Chain Barding Armor
24:38 Scale Mail Armor
24:34 Bodkin Arrow
25:01 Heavy Plow
27:42 Loom
31:10 Chain Mail Armor
35:02 Imperial Age
33:06 Ballistics
32:39 Demolition Ship
36:13 Hand Cart
37:01 Blast Furnace
36:36 Plate Barding Armor
37:10 Chemistry
36:59 Cavalier
39:14 Druzhina
39:35 Conscription
47:04 Light Cavalry
51:12 Squires
50:32 Pikeman
Connection lost

Rejoining the realm…

Still unreachable

The connection could not be restored.

Session expired

The server has moved on; the page needs a fresh start.